 Dungeon Crawl Stone Soup version 0.31-a0-1059-g83d41fd8b6 (webtiles) character file.

Game seed: 14805440296949421254

139 Gumption the Trooper (level 5, -5/42 HPs)
             Began as a Formicid Fighter on Nov 21, 2023.
             Was an Initiate of Hepliaklqana.
             Succumbed to a kobold's poison
             ... on level 3 of the Dungeon.
             The game lasted 00:11:56 (1630 turns).

Gumption the Trooper (Formicid Fighter)             Turns: 1630, Time: 00:11:56

Health: -5/42      AC:  7    Str: 20    XL:     5   Next: 46%
Magic:  5/5        EV:  9    Int: 14    God:    Hepliaklqana [......]
Gold:   90         SH:  5    Dex: 15    Spells: 4/4 levels left

rFire   . . .        j - +0 quarterstaff
rCold   + . .        c - +0 buckler
rNeg    . . .        b - +0 scale mail
rPois   .            (helmet unavailable)
rElec   .            (no cloak)
rCorr   .            (no gloves)
SInv    +            (no boots)
Will    .....        p - amulet of the acrobat Stlth
                     k - ring of protection from cold
HPRegen 0.27/turn    l - +6 ring of intelligence
MPRegen 0.09/turn

%: acrobat
@: lethally poisoned (-5 -> -33)
A: permanent stasis, dig shafts and tunnels, antennae 3, four strong arms
a: Dig, Shaft Self, Renounce Religion


You were on level 3 of the Dungeon.
You worshipped Hepliaklqana.
Hepliaklqana was noncommittal.
You visited 1 branch of the dungeon, and saw 3 of its levels.

You collected 90 gold pieces.

Inventory:

Hand Weapons
 a - a +0 flail
 j - a +0 quarterstaff (weapon)
Missiles
 n - a throwing net
Armour
 b - a +0 scale mail (worn)
 c - a +0 buckler (worn)
Jewellery
 k - a ring of protection from cold (left hand)
 l - a +6 ring of intelligence (right hand)
 p - an amulet of the acrobat (around neck)
Scrolls
 f - a scroll of amnesia {unknown}
 i - a scroll of fog {unknown}
 o - a scroll of teleportation {unknown}
Potions
 d - 3 potions of might
 e - a potion of curing {unknown}
 g - a potion of attraction {unknown}
 h - 2 potions of heal wounds {unknown}
 m - a potion of lignification {unknown}
 q - a potion of enlightenment {unknown}


   Skills:
 + Level 4.2 Fighting
 * Level 4.0 Maces & Flails
 + Level 4.2 Armour
 - Level 4.0 Shields


You had 4 spell levels left.
You didn't know any spells.
Your spell library was empty.

Dungeon Overview and Level Annotations

Branches:
Dungeon (3/15)

Altars:
Hepliaklqana


Innate Abilities, Weirdness & Mutations

You cannot be hasted, slowed, berserked, paralysed or teleported.
You can dig through walls and to a lower floor.
You have a pair of large antennae on your head. (SInv)
Your four strong arms can wield two-handed weapons with a shield.


Message History

The ice beast is heavily wounded.
The ice beast hits you. The ice beast freezes you. You resist.
* * * LOW HITPOINT WARNING * * *
You hit the ice beast.
The ice beast is severely wounded.
The ice beast hits you.
* * * LOW HITPOINT WARNING * * *
The ice beast freezes you. You resist.
* * * LOW HITPOINT WARNING * * *
You closely miss the ice beast.
The ice beast is severely wounded.
The ice beast hits you but does no damage.
You sock the ice beast!
You kill the ice beast!
The bat hits you.
* * * LOW HITPOINT WARNING * * *
You block the kobold's attack.
Your Fighting skill increases to level 4!
Your Maces & Flails skill increases to level 4!
Your Armour skill increases to level 4!
You have reached level 5!
You closely miss the kobold.
The kobold hits you with a +0 short sword of venom.
* * * LOW HITPOINT WARNING * * *
You are lethally poisoned!
You barely miss the kobold.
* * * LOW HITPOINT WARNING * * *
You feel very sick. The kobold hits you but does no damage.
You are more poisoned.
You hit the kobold.
The kobold is moderately wounded.
* * * LOW HITPOINT WARNING * * *
You feel very sick.
The kobold hits you with a +0 short sword of venom.
* * * LOW HITPOINT WARNING * * *
You are more poisoned.
You hit the kobold.
You kill the kobold!
You die...

#.{#.........
######.{#..z.z?$..
.........##########
#######........©...
# #............
###.
.......#.######
.....########.#
..$.....# ###.###
#@# #.....#
##..##)###.....#.
.......b..........#
......>.###.....###
........# #........
........# #########
........# ........#
........#


You could see a bat.

Vanquished Creatures
  An ice beast (D:3)
  An adder (D:2)
  2 worms (D:2)
  2 ball pythons (D:2)
  2 endoplasms
  2 giant cockroaches (D:1)
  2 goblins (D:1)
  6 hobgoblins (D:1)
  2 jackals (D:1)
  3 quokkas (D:2)
  4 bats
  2 frilled lizards (D:1)
  4 kobolds
33 creatures vanquished.

Notes
Turn   | Place    | Note
-------+----------+-------------------------------------------
     0 | D:1      | Gumption the Formicid Fighter began the quest for the Orb.
     0 | D:1      | Reached XP level 1. HP: 18/18 MP: 1/1
   213 | D:1      | Reached XP level 2. HP: 24/24 MP: 2/2
   423 | D:1      | Reached XP level 3. HP: 29/29 MP: 3/3
   865 | D:2      | Found a hazy altar of Hepliaklqana.
   884 | D:2      | Became a worshipper of Hepliaklqana the Forgotten
   948 | D:2      | Found a faded altar of an unknown god.
  1411 | D:2      | Reached XP level 4. HP: 37/37 MP: 4/4
  1599 | D:3      | Noticed a wight
  1607 | D:3      | Noticed an ice beast
  1626 | D:3      | Killed an ice beast
  1627 | D:3      | Reached XP level 5. HP: 17/42 MP: 5/5
  1630 | D:3      | Succumbed to a kobold's poison

Illustrated notes

Levels and vault maps discovered:
D:1:      co_arrival_square_in_a_square_in_a_square, layout_loops_ring
D:2:      layout_loops_ring, basic_ecumenical_altar, basic_altar,
          grunt_ministairs_2
D:3:      layout_loops_ring, gammafunk_temple_overflow_claw,
          grunt_temple_overflow_open, gup_sewer_entry_bowl, serial_shops,
          shop_statue, gammafunk_ghost_mausoleum, serial_bayou_lagoon_b

Skill      XL: |  1  2  3  4 |
---------------+-------------+-----
Maces & Flails | 3 4 |  4.0
Fighting       | 4 |  4.2
Armour         | 4 |  4.2
Shields        | |  4.0

Action                     |  1- 3 |  4- 6 || total
---------------------------+-------+-------++-------
  Melee: Flail             |    50 |       ||    50
         Quarterstaff      |    46 |    21 ||    67
 Armour: Scale mail        |    43 |    18 ||    61
  Dodge: Dodged            |    45 |    12 ||    57
  Block: Buckler           |    28 |     5 ||    33

Table legend: (Time is in decaauts)
 A = Elapsed time spent in this place.
 B = Non-inter-level travel time spent in this place.
 C = Inter-level travel time spent in this place.
 D = Time resting spent in this place.
 E = Time spent auto-exploring this place.
 F = Levels seen in this place.
 G = Mean time per level.
                   A        B        C        D        E       F      G
               +--------+--------+--------+--------+--------+-----+--------+
         Total |   1660 |   1566 |     94 |     43 |    559 |   3 |  553.3 |
       Dungeon |   1660 |   1566 |     94 |     43 |    559 |   3 |  553.3 |
               +--------+--------+--------+--------+--------+-----+--------+

Top non-repeatable levels by time:
     D:1: 887 daAuts
     D:2: 699 daAuts
     D:3: 73 daAuts
